 Dungeon Crawl Stone Soup version 0.32-a0-747-gc8563f6773 (webtiles) character file.

Game seed: 17329094928819719782

42021 smashvw the Slicer (level 14, 0/77 HPs)
             Began as a Vine Stalker Fighter on Mar 17, 2024.
             Was the Champion of Okawaru.
             Slain by an orc warlord
             ... wielding a +1 great mace of protection
              (33 damage)
             ... on level 1 of the Orcish Mines.
             The game lasted 00:50:59 (14176 turns).

smashvw the Slicer (Vine Stalker Fighter)          Turns: 14176, Time: 00:50:59

Health: 0/77       AC: 25    Str: 20    XL:     14   Next: 18%
Magic:  0/15       EV:  4    Int: 13    God:    Okawaru [******]
Gold:   510        SH: 14    Dex: 20    Spells: 13/13 levels left

rFire   . . .        Y - +1 quick blade (elec)
rCold   + + .        J - +2 kite shield
rNeg    + . .        a - +3 plate armour of Prudence {-Cast rElec rC++ SInv}
rPois   +            (no helmet)
rElec   +            Z - +2 ratskin cloak {*Rats rPois rN+ Str-1 Int-1 Dex+1}
rCorr   .            h - +1 pair of gloves
SInv    +            M - +1 pair of boots
Will    +....        (no amulet) Stlth
                     V - +6 ring of intelligence
HPRegen 1.92/turn    R - ring of poison resistance
MPRegen 0.14/turn

%: no spellcasting, guardian spirit
@: finesse-ful, invisible
A: fangs 3, regeneration 2, magic shield, antimagic bite, no potion heal 2,
talons 1, thin skeletal structure 1
a: Renounce Religion, Heroism, Finesse, Duel


You were on level 1 of the Orcish Mines.
You worshipped Okawaru.
Okawaru was exalted by your worship.
You visited 4 branches of the dungeon, and saw 18 of its levels.

You collected 1184 gold pieces.
You spent 674 gold pieces at shops.

Inventory:

Hand Weapons
 t - the +5 dagger "Spiderbane" {flame, +Blink rF+++ rC- Will++}
   (You found it on level 3 of the Dungeon)

   rF+++:     It renders you almost immune to fire.
   rC-:       It makes you vulnerable to cold.
   Will++:    It greatly increases your willpower.
   +Blink:    It lets you blink.
 Q - a +2 short sword of speed
 Y - a +1 quick blade of electrocution (weapon)
Missiles
 g - 4 poisoned darts
 o - 2 javelins
 W - a silver javelin
 X - 2 atropa-tipped darts
Armour
 a - the +3 plate armour of Prudence (worn) {-Cast rElec rC++ SInv}
   (Okawaru gifted it to you on level 11 of the Dungeon)

   rC++:      It greatly protects you from cold.
   rElec:     It insulates you from electricity.
   SInv:      It lets you see invisible.
   -Cast:     It prevents spellcasting.
 h - a +1 pair of gloves (worn)
 J - a +2 kite shield (worn)
 M - a +1 pair of boots (worn)
 Z - the +2 ratskin cloak (worn) {*Rats rPois rN+ Str-1 Int-1 Dex+1}
   (You found it on level 2 of the Lair of Beasts)

   *Rats:     When the wearer is hurt, rats may emerge from it to assist them.
   Str-1:     It affects your strength (-1).
   Int-1:     It affects your intelligence (-1).
   Dex+1:     It affects your dexterity (+1).
   rPois:     It protects you from poison.
   rN+:       It protects you from negative energy.
Jewellery
 c - a ring of protection from fire
 F - a ring of see invisible
 R - a ring of poison resistance (right hand)
 U - a ring of wizardry
 V - a +6 ring of intelligence (left hand)
Wands
 b - a wand of light (8)
 e - a wand of paralysis (1)
 G - a wand of flame (18)
 K - a wand of mindburst (24) (quivered)
 L - a wand of roots (15)
Scrolls
 d - a scroll of brand weapon {unknown}
 i - 3 scrolls of revelation
 j - 7 scrolls of teleportation
 n - a scroll of fog
 p - a scroll of immolation
 r - a scroll of fear
 u - 3 scrolls of vulnerability
 x - 3 scrolls of butterflies
 C - 3 scrolls of amnesia
 D - a scroll of blinking
 E - a scroll of torment
 H - 2 scrolls of noise
 N - 2 scrolls of poison
Potions
 f - 2 potions of attraction
 k - 2 potions of enlightenment
 l - 2 potions of mutation
 m - 2 potions of invisibility
 q - 2 potions of cancellation
 s - 3 potions of heal wounds
 w - a potion of degeneration
 z - 3 potions of berserk rage
 A - a potion of lignification
 B - 5 potions of curing
 I - 2 potions of magic
 S - a potion of brilliance
 T - a potion of haste
Miscellaneous
 O - a phantom mirror


   Skills:
 - Level 10.0 Fighting
 - Level 14.0 Short Blades
 + Level 9.5 Armour
 + Level 9.9 Shields
 - Level 6.2 Evocations


You had 13 spell levels left.
You didn't know any spells.
Your spell library contained the following spells:

 Spells                   Type           Power      Damage    Failure   Level
 Apportation              Tloc           0%         N/A       100%        1
 Jinxbite                 Hex            0%         N/A       100%        2
 Sublimation of Blood     Necr           0%         N/A       100%        2
 Passage of Golubria      Tloc           0%         N/A       100%        4
 Petrify                  Alch/Erth      0%         N/A       100%        4
 Alistair's Intoxication  Alch           0%         N/A       100%        5
 Irradiate                Conj/Alch      0%         3d11      100%        5
 Silence                  Hex/Air        0%         N/A       100%        5
 Yara's Violent Unravell  Hex/Alch       0%         3d3       100%        5
 Enfeeble                 Hex            0%         N/A       100%        7
 Borgnjor's Revivificati  Necr           0%         N/A       100%        8
 Lehudib's Crystal Spear  Conj/Erth      0%         10d2      100%        8
 Death's Door             Necr           0%         N/A       100%        9
 Haunt                    Necr/Summ      Unusable   N/A       N/A         7

Dungeon Overview and Level Annotations

Branches:
Dungeon (12/15)            Temple (1/1) D:7            Lair (4/5) D:10
  Swamp (0/4) Lair:3       Spider (0/4) Lair:3          Orc (1/2) D:11
  Slime: Lair:4-5

Altars:
Ashenzari
Cheibriados
Dithmenos
Elyvilon
Fedhas
Gozag
Hepliaklqana
Kikubaaqudgha
Makhleb
Nemelex Xobeh
Okawaru
Qazlal
Ru
Sif Muna
Trog
Uskayaw
Vehumet
Wu Jian
Xom
Yredelemnul
Zin
The Shining One

Shops:
D:8 =   D:9 :   D:10 *?!   D:11 [=!

Annotations:
D:6 1 runed translucent door, Crazy Yiuf
D:10 exclusion: orange crystal statue
Lair:2 2 transporters, Nowup's ghost, journeyman GnSh
Lair:3 3 runed translucent doors, croobank's ghost, adept GnIE


Innate Abilities, Weirdness & Mutations

You have razor-sharp teeth.
You heal very quickly.
When hurt, damage is shared between your health and your magic reserves.
Your bite disrupts and absorbs the magic of your enemies.
Potions cannot restore your health.
You have sharp toenails.
You have a somewhat thin skeletal structure. (Dex +2, Stealth+)


Message History

The orc warlord roars a battlecry!
The orc knight goes into a battle-frenzy!
An orc warrior comes into view. It is wielding a +0 glaive.
Items here: $ ))) [[[ ††.
You closely miss the orc warlord. You puncture the orc warlord!
You bite the orc warlord. You drain its power.
You feel invigorated.
The orc warlord is lightly wounded.
You block the orc warrior's attack.
The orc knight hits you from afar with a +0 bardiche!
The orc warlord hits you with a +1 great mace of protection!!
You don't have enough magic at the moment.
You can now deal lightning-fast blows.
You block the orc warrior's attack.
The orc knight hits you from afar with a +0 bardiche.
The orc warlord barely misses you.
Okay, then.
You fade into invisibility!
You block the orc warrior's attack.
The orc warrior hits you with a +0 dire flail.
You block the orc knight's attack.
You hit the orc. You bite the orc.
You kill the orc!
You catch the helpless orc warlord completely off-guard!
You puncture the orc warlord! You bite the orc warlord! You drain its power.
You feel invigorated.
You hit the orc warlord.
You bite the orc warlord, but do no damage.
The orc warlord is moderately wounded.
The orc warrior hits you with a +0 flail!
You block the orc warrior's attack.
The orc warrior unwields a +0 glaive.
The orc warrior wields a +0 orcbow.
The orc warrior shoots an arrow.
The arrow hits you but does no damage.
You catch the helpless orc warlord completely off-guard!
You puncture the orc warlord! You bite the orc warlord! You drain its power.
You feel invigorated.
You hit the orc warlord.
You bite the orc warlord, but do no damage.
The orc warlord is heavily wounded.
The orc warrior no longer looks unusually strong.
You block the orc knight's attack.
The orc warlord hits you with a +1 great mace of protection!!!
You die...

##### #.).# #...
####).# #... #...).###
#...## #.....#.###
#..... #####o)).....#
##
#.....##..#)@<).....##
..
.........o.oo.)......#
...
..#.).....o###.......
..o. ###......##
#...... ...o##
#.#.......# ......
....o.##.).......#
......
......#.)........#
#.....
.....)).........$..
.....
#.........$..#.$....
#..#


You could see an orc warlord (strong, unable to see you), an orc knight (strong,
unable to see you) and 3 orc warriors.

Vanquished Creatures
  2 hydras
  A boulder beetle (Lair:1)
  A two-headed ogre (D:9)
  Amaemon (Lair:3)
  Lodul (D:12)
  A deep elf pyromancer (D:11)
  An orc sorcerer (Orc:1)
  15 elephants
  3 cyclopes (D:11)
  Joseph (D:8)
  2 black mambas
  A gargoyle (D:11)
  An orange demon (Lair:3)
  Maggie (D:6)
  A kobold demonologist (D:10)
  3 cane toads
  4 rime drakes
  7 komodo dragons
  Psyche (D:9)
  5 polar bears
  3 trolls
  Prince Ribbit (D:9)
  3 hornets
  6 dream sheep (Lair:4)
  30 blink frogs
  Grinder (D:6)
  A jumping spider (Lair:3)
  A shadow (D:11)
  A culicivora (Lair:3)
  A vampire (D:10)
  9 wyverns
  36 yaks
  2 wraiths (D:11)
  Eustachio (D:5)
  3 basilisks
  A steam dragon (D:7)
  Menkaure (D:5)
  7 water moccasins
  An acid dragon (D:10)
  Duvessa (D:5)
  A swamp drake (Lair:3)
  7 orc warriors
  3 ice beasts
  3 sky beasts
  A black bear (Lair:3)
  11 ogres
  12 wolves
  6 centaurs
  A phantom (D:4)
  4 kobold brigands
  12 bullfrogs
  A gnoll sergeant (D:8)
  Dowan (D:5)
  7 wights (D:8)
  4 killer bees (D:9)
  An electric eel (Lair:4)
  A howler monkey (D:9)
  2 vampire bats (D:3)
  2 lava snakes (D:10)
  A bombardier beetle (D:6)
  A gnoll bouda (D:6)
  11 orc priests
  3 hounds
  3 jellies
  3 sleepcaps
  7 iguanas
  11 orc wizards
  10 gnolls
  2 adders
  2 white imps
  2 ufetubi (D:6)
  2 ribbon worms
  6 dart slugs
  59 orcs
  4 bat skeletons (D:3)
  3 bat zombies (D:3)
  3 endoplasms
  5 giant cockroaches
  8 goblins
  5 hobgoblins
  11 jackals
  15 kobolds
  4 quokkas
  4 ball pythons
  4 bats
  3 frilled lizards
  5 rats
440 creatures vanquished.

Notes
Turn   | Place    | Note
-------+----------+-------------------------------------------
     0 | D:1      | smashvw the Vine Stalker Fighter began the quest for the
                  | Orb.
     0 | D:1      | Reached XP level 1. HP: 11/11 MP: 2/2
   113 | D:1      | Reached skill level 2 in Short Blades
   119 | D:1      | Reached XP level 2. HP: 16/16 MP: 3/3
   408 | D:1      | Reached XP level 3. HP: 20/20 MP: 4/4
  1555 | D:3      | Reached XP level 4. HP: 12/24 MP: 2/5
  1618 | D:3      | Identified the +8 glaive of Ipse Dixit {antimagic, Int+2}
  1656 | D:3      | Found a glowing golden altar of the Shining One.
  1703 | D:3      | Found a bloodstained altar of Trog.
  1713 | D:3      | Identified the +5 dagger "Spiderbane" {flame, +Blink rF+++
                  | rC- Will++}
  1965 | D:3      | Found an ancient bone altar of Kikubaaqudgha.
  1971 | D:3      | Reached skill level 3 in Short Blades
  1971 | D:3      | Reached XP level 5. HP: 29/29 MP: 6/6
  2037 | D:4      | Noticed an ogre
  2245 | D:4      | Noticed a phantom
  2297 | D:4      | Killed a phantom
  2298 | D:4      | Reached XP level 6. HP: 33/33 MP: 7/7
  2376 | D:4      | Reached skill level 4 in Short Blades
  2379 | D:4      | Reached XP level 7. HP: 10/38 MP: 2/8
  2819 | D:5      | Entered Level 5 of the Dungeon
  2819 | D:5      | Noticed Duvessa
  2819 | D:5      | Noticed Dowan
  2838 | D:5      | Killed Duvessa
  2839 | D:5      | Reached skill level 5 in Fighting
  2843 | D:5      | Killed Dowan
  2844 | D:5      | Reached skill level 5 in Shields
  3124 | D:5      | Noticed Menkaure
  3130 | D:5      | Killed Menkaure
  3169 | D:5      | Noticed Eustachio
  3184 | D:5      | Killed Eustachio
  3185 | D:5      | Reached skill level 5 in Short Blades
  3185 | D:5      | Reached skill level 1 in Evocations
  3185 | D:5      | Gained mutation: You have razor-sharp teeth. [Vine Stalker
                  | growth]
  3185 | D:5      | Reached XP level 8. HP: 40/44 MP: 9/9
  3525 | D:5      | Found a hazy altar of Hepliaklqana.
  4056 | D:6      | Found an opulent altar of Gozag.
  4142 | D:6      | Reached XP level 9. HP: 47/48 MP: 8/10
  4214 | D:6      | Reached skill level 6 in Short Blades
  4249 | D:6      | Noticed Maggie
  4273 | D:6      | Killed Maggie
  4297 | D:6      | Found a white marble altar of Elyvilon.
  4417 | D:6      | Found a snail-covered altar of Cheibriados.
  4419 | D:6      | Noticed Grinder
  4428 | D:6      | Killed Grinder
  4552 | D:6      | Found a shimmering blue altar of Sif Muna.
  4923 | D:6      | Found a runed translucent door.
  4924 | D:6      | Noticed Crazy Yiuf
  5088 | D:7      | Found a staircase to the Ecumenical Temple.
  5097 | Temple   | Entered the Ecumenical Temple
  5102 | Temple   | Became a worshipper of Warmaster Okawaru
  5143 | D:7      | Reached skill level 5 in Armour
  5144 | D:7      | Noticed an angel
  5277 | D:7      | Found a glowing silver altar of Zin.
  5277 | D:7      | Found a shimmering altar of Xom.
  5415 | D:7      | Found a sparkling altar of Nemelex Xobeh.
  5415 | D:7      | Found a shadowy altar of Dithmenos.
  5773 | D:7      | Reached skill level 7 in Short Blades
  5937 | D:8      | Reached XP level 10. HP: 55/55 MP: 11/11
  5977 | D:8      | Reached * piety under Okawaru
  6077 | D:8      | Found Caokk's Jewellery Shop.
  6188 | D:8      | Noticed Joseph
  6200 | D:8      | Killed Joseph
  6269 | D:8      | You fall into a shaft and drop 2 floors!
  6269 | D:10     | Entered Level 10 of the Dungeon
  6325 | D:9      | Reached ** piety under Okawaru
  6409 | D:9      | Identified the +0 ring mail "Paebiulu" {MP+9}
  6443 | D:9      | Found an ornate altar of the Wu Jian Council.
  6450 | D:9      | Noticed Psyche
  6450 | D:9      | Noticed a two-headed ogre
  6505 | D:9      | Killed a two-headed ogre
  6572 | D:9      | Killed Psyche
  6573 | D:9      | Reached skill level 5 in Evocations
  6624 | D:9      | Reached *** piety under Okawaru
  6645 | D:9      | Reached skill level 8 in Short Blades
  6654 | D:9      | Reached XP level 11. HP: 44/60 MP: 12/12
  6684 | D:9      | Found a broken altar of Ashenzari.
  6690 | D:9      | Identified the +1 hand cannon of Massacring {penet, Str+4}
  6706 | D:9      | Noticed Prince Ribbit
  6728 | D:9      | Killed Prince Ribbit
  6833 | D:8      | Reached **** piety under Okawaru
  7104 | D:9      | Found Omamu's Tiny Tomes.
  7178 | D:9      | Found a hide-covered altar of Uskayaw.
  7804 | D:10     | Noticed an orange crystal statue
  8036 | D:10     | Found Miap's General Store.
  8043 | D:10     | Bought a potion of curing for 45 gold pieces
  8043 | D:10     | Bought a scroll of poison for 60 gold pieces
  8069 | D:10     | Found a staircase to the Lair.
  8277 | D:10     | Found a sacrificial altar of Ru.
  8327 | D:10     | Reached ***** piety under Okawaru
  8498 | D:10     | Found Qyxueton's Magic Scroll Shop.
  8506 | D:10     | Bought a scroll of amnesia for 48 gold pieces
  8506 | D:10     | Bought a scroll of identify for 24 gold pieces
  8506 | D:10     | Bought a scroll of identify for 24 gold pieces
  8506 | D:10     | Bought a scroll of identify for 24 gold pieces
  8516 | D:10     | Found Awatheis's Distillery.
  8524 | D:10     | Bought a potion of brilliance for 44 gold pieces
  8524 | D:10     | Bought a potion of heal wounds for 55 gold pieces
  8524 | D:10     | Bought a potion of haste for 110 gold pieces
  8812 | D:11     | Paralysed by a hornet for 3 turns
  8890 | D:11     | Found Gorunit's Jewellery Emporium.
  8932 | D:11     | Found Cisk's Distillery.
  8951 | D:11     | Noticed a four-headed hydra
  9023 | D:11     | Noticed a cyclops
  9030 | D:11     | Killed a cyclops
  9031 | D:11     | Noticed a deep elf pyromancer
  9042 | D:11     | Killed a deep elf pyromancer
  9075 | D:11     | Killed a four-headed hydra
  9076 | D:11     | Reached skill level 9 in Short Blades
  9104 | D:11     | Noticed a cyclops
  9114 | D:11     | Killed a cyclops
  9115 | D:11     | Reached XP level 12. HP: 67/67 MP: 13/13
  9165 | D:11     | Bought a potion of invisibility for 120 gold pieces
  9165 | D:11     | Bought a potion of mutation for 120 gold pieces
  9165 | D:11     | Gained mutation: You passively dampen the noise of your
                  | surroundings. [potion of mutation]
  9165 | D:11     | Gained mutation: Your mind is acute. (Int +4, Str/Dex -1)
                  | [potion of mutation]
  9165 | D:11     | Gained mutation: You have a somewhat thin skeletal
                  | structure. (Dex +2, Stealth+) [potion of mutation]
  9166 | D:11     | Lost mutation: Your mind is acute. (Int +4, Str/Dex -1)
                  | [potion of mutation]
  9166 | D:11     | Lost mutation: You passively dampen the noise of your
                  | surroundings. [potion of mutation]
  9166 | D:11     | Gained mutation: You heal very quickly. [potion of
                  | mutation]
  9166 | D:11     | Gained mutation: You have sharp toenails. [potion of
                  | mutation]
  9260 | D:11     | Found a staircase to the Orcish Mines.
  9275 | D:11     | Found Reymp's Antique Armour Emporium.
 10000 | D:12     | Noticed Lodul
 10018 | D:12     | Killed Lodul
 10018 | D:12     | Reached ****** piety under Okawaru
 10018 | D:12     | Received a gift from Okawaru
 10042 | D:11     | Acquired a +1 quick blade of electrocution
 10042 | D:11     | Received a gift from Okawaru
 10046 | D:11     | Acquired the +3 plate armour of Prudence {-Cast rElec rC++
                  | SInv}
 10046 | D:11     | Received a gift from Okawaru
 10092 | Lair:1   | Entered Level 1 of the Lair of Beasts
 10291 | Lair:1   | Noticed a boulder beetle
 10298 | Lair:1   | Reached skill level 10 in Fighting
 10317 | Lair:1   | Killed a boulder beetle
 10493 | Lair:1   | Reached skill level 10 in Short Blades
 10615 | Lair:1   | Received a gift from Okawaru
 11119 | Lair:2   | Found a transporter.
 11143 | Lair:2   | Reached skill level 11 in Short Blades
 11148 | Lair:2   | Reached XP level 13. HP: 64/72 MP: 12/14
 11436 | Lair:2   | Received a gift from Okawaru
 11437 | Lair:2   | Reached skill level 12 in Short Blades
 11475 | Lair:2   | Found a transporter.
 11477 | Lair:2   | Noticed Nowup's ghost (journeyman GnSh)
 11485 | Lair:2   | Found a bloodstained altar of Trog.
 11523 | Lair:2   | Found the +2 ratskin cloak {*Rats rPois rN+ Str-1 Int-1
                  | Dex+1}
 12186 | Lair:3   | Found a runed translucent gate.
 12186 | Lair:3   | Found a runed translucent gate.
 12187 | Lair:3   | Found a runed translucent gate.
 12188 | Lair:3   | Noticed croobank's ghost (adept GnIE)
 12193 | Lair:3   | Noticed Amaemon
 12197 | Lair:3   | Found a hole to the Spider Nest.
 12205 | Lair:3   | Killed Amaemon
 12206 | Lair:3   | Reached skill level 13 in Short Blades
 12305 | Lair:3   | Found a staircase to the Swamp.
 13085 | Lair:4   | Received a gift from Okawaru
 13097 | Lair:4   | Reached skill level 14 in Short Blades
 13269 | Lair:4   | Reached XP level 14. HP: 73/77 MP: 13/15
 13369 | Lair:4   | Received a gift from Okawaru
 14037 | Orc:1    | Entered Level 1 of the Orcish Mines
 14144 | Orc:1    | Noticed an orc warlord
 14176 | Orc:1    | Slain by an orc warlord

Illustrated notes

Levels and vault maps discovered:
D:1:      ldierk_walled_garden_2, layout_loops_ring, minivault_23,
          chequers_serial_rivers_small_3, minmay_misc_feat_nine_boxes
D:2:      layout_loops_ring, minmay_misc_feat_roman
D:3:      layout_rooms, nicolae_tso_carved_into_rock, bloody_trog,
          kennysheep_vampire_church, nicolae_kite_square_tiling_tiny
D:4:      layout_cave_pools
D:5:      layout_layer_cave, mainiacjoe_overflow_alcove_2, st_stairs_8,
          uniq_duvessa, uniq_eustachio, uniq_menkaure
D:6:      layout_basic, elyvilon_altar_3, nicolae_gozag_seed_capital,
          kennysheep_orc_sif_temple, lemuel_doored_altar, nicolae_grassy_gnolls,
          uniq_crazy_yiuf_cottage, uniq_maggie, uniq_grinder
D:7:      layout_gridville, grunt_temple_overflow_open,
          grunt_temple_overflow_order_and_chaos_1, minmay_temple_entry_waves
D:8:      layout_rooms, serial_shops, nicolae_shop_getting_attention,
          uniq_joseph
D:9:      minmay_evil_eye, layout_loops_ring, old_standard_altar,
          old_standard_altar, nicolae_uskayaw_suspiria, hangedman_decor_lopped,
          nicolae_shop_i_like_small_books_too,
          nicolae_concentric_dashed_squares_mild, kennysheep_path_1,
          uniq_psyche, uniq_prince_ribbit1
D:10:     layout_basic, hangedman_ru_absence, lair_entry_dummy, serial_shops,
          nicolae_shop_tiny_statue_garden, shop,
          nicolae_shop_temple_entry_statues_fountains, disabler_island
D:11:     minmay_chambers_of_sixes, layout_loops_ring, orc_0_dummy,
          serial_shops, nicolae_take_the_stairs, shop, nicolae_shop_tiny_glass
D:12:     cheibrodos_barr_body, layout_cave_pools, serial_shops,
          nicolae_square_shop, makhleb_altar_promises_db, uniq_lodul
Temple:   hellmonk_temple_micro_hex
Lair:1:   layout_gridlike
Lair:2:   layout_small_grid, gammafunk_ghost_wrathful_warriors, st_stairs_8,
          grunt_megastairs_4
Lair:3:   layout_concentric_octagons, minmay_swamp_entry_reptiles,
          spider_nest_entry_rubble, gammafunk_ghost_hydra_chop,
          cheibrodos_lair_lostbears, uniq_amaemon
Lair:4:   layout_regular_city, serial_bayou_shore_a, grunt_megastairs_1
Orc:1:    layout_diamond_mine, gammafunk_ghost_fury_of_okawaru, special_room
          [special_room_orc]

Skill      XL: |  1  2  3  4  5  6  7  8  9 10 11 12 13 |
---------------+----------------------------------------+-----
Short Blades   | 2 3 4 5 7 8 9 11 14 | 14.0
Fighting       | 3 4 5 6 7 8 9 10 | 10.0
Shields        | 3 4 5 6 7 8 9 |  9.9
Evocations     | 1 3 5 6 |  6.2
Armour         | 3 5 6 7 8 9 |  9.5

Action                     |  1- 3 |  4- 6 |  7- 9 | 10-12 | 13-15 || total
---------------------------+-------+-------+-------+-------+-------++-------
  Melee: Rapier            |   133 |    14 |       |       |       ||   147
         Bite              |    31 |    33 |   122 |   394 |   369 ||   949
         Dagger            |       |   113 |   336 |   603 |       ||  1052
         Quick blade       |       |       |       |   287 |   741 ||  1028
 Invoke: Receive Weapon    |       |       |       |     1 |       ||     1
         Receive Armour    |       |       |       |     1 |       ||     1
         Finesse           |       |       |       |       |     1 ||     1
Ability: Evoke Blink       |       |     2 |       |     2 |       ||     4
  Evoke: Wand              |       |       |       |     5 |       ||     5
    Use: Scroll            |       |     2 |     5 |    15 |     3 ||    25
         Potion            |       |       |       |     4 |     2 ||     6
   Stab: Invisible         |       |       |       |       |     2 ||     2
 Armour: Scale mail        |    81 |   136 |    45 |       |       ||   262
         Leather armour    |       |       |   122 |   192 |       ||   314
         Ring mail         |       |       |       |    96 |       ||    96
         Plate armour      |       |       |       |   127 |   302 ||   429
  Dodge: Dodged            |    41 |    71 |    98 |   151 |    43 ||   404
  Block: Buckler           |    33 |    39 |    75 |       |       ||   147
         Kite shield       |       |       |     1 |   328 |   224 ||   553

Table legend: (Time is in decaauts)
 A = Elapsed time spent in this place.
 B = Non-inter-level travel time spent in this place.
 C = Inter-level travel time spent in this place.
 D = Time resting spent in this place.
 E = Time spent auto-exploring this place.
 F = Levels seen in this place.
 G = Mean time per level.
                   A        B        C        D        E       F      G
               +--------+--------+--------+--------+--------+-----+--------+
         Total |  13779 |  13097 |    682 |    154 |  10047 |  18 |  765.5 |
       Dungeon |   9912 |   9365 |    547 |     88 |   7153 |  12 |  826.0 |
        Temple |     10 |      6 |      4 |      0 |      0 |   1 |   10.0 |
          Lair |   3742 |   3611 |    131 |     66 |   2869 |   4 |  935.5 |
  Orcish Mines |    113 |    113 |      0 |      0 |     25 |   1 |  113.0 |
               +--------+--------+--------+--------+--------+-----+--------+

Top non-repeatable levels by time:
    D:10: 1193 daAuts
    D:11: 1136 daAuts
     D:9: 1127 daAuts
     D:6: 1114 daAuts
  Lair:3: 1039 daAuts
  Lair:1: 971 daAuts
     D:5: 966 daAuts
  Lair:4: 906 daAuts
     D:7: 892 daAuts
  Lair:2: 825 daAuts
     D:1: 779 daAuts
     D:4: 709 daAuts
     D:3: 675 daAuts
     D:2: 659 daAuts
     D:8: 628 daAuts
